 Dungeon Crawl Stone Soup version 0.26-a0-1181-gd376ed14c5 (webtiles) character file.

Game seed: 4107288316414411116

9 Azzok the Skirmisher (level 2, 22/24 HPs)
             Began as a Demonspawn Berserker on Dec 26, 2020.
             Was a Follower of Trog.
             Quit the game on level 1 of the Dungeon.
             The game lasted 00:00:38 (331 turns).

Azzok the Skirmisher (Demonspawn Berserker)          Turns: 331, Time: 00:00:38

Health: 22/24      AC:  5    Str: 17    XL:     2   Next: 3%
Magic:  2/2        EV: 11    Int:  8    God:    Trog [*.....]
Gold:   78         SH:  0    Dex: 12    Spells: 1/1 levels left

rFire    . . .     SeeInvis .   a - +0 hand axe
rCold    . . .     Faith    .   (no shield)
rNeg     . . .     Spirit   .   c - +0 ring mail
rPois    .         Reflect  .   (no helmet)
rElec    .         Harm     .   (no cloak)
rCorr    .         Rampage  .   (no gloves)
Will     .....                  (no boots)
Stlth    +.........             e - amulet of the acrobat
HPRegen  0.08/turn              (no ring)
MPRegen  0.08/turn              (no ring)

@: no status effects
A: spiny 1
a: Renounce Religion, Berserk


You were on level 1 of the Dungeon.
You worshipped Trog.
Trog was aware of your devotion.
You visited 1 branch of the dungeon, and saw 1 of its levels.

You collected 78 gold pieces.

Inventory:

Hand Weapons
 a - a +0 hand axe (weapon)
Armour
 c - a +0 ring mail (worn)
Jewellery
 b - a +6 ring of strength {unknown}
 e - an amulet of the acrobat (around neck)
Scrolls
 d - a scroll of fog {unknown}


   Skills:
 + Level 3.1 Fighting
 + Level 2.8 Axes
 + Level 2.0 Armour
 + Level 2.0 Dodging


You had one spell level left.
You didn't know any spells.
Your spell library was empty.

Dungeon Overview and Level Annotations

Branches:
Dungeon (1/15)

Altars:


Innate Abilities, Weirdness & Mutations

You are partially covered in sharp spines.


Message History

Things that are here:
a cursed -2 club; a goblin corpse The kobold hits you but does no damage.
Found 6 gold pieces.
You completely miss the kobold. The kobold hits you but does no damage.
You closely miss the kobold. The kobold hits you but does no damage.
The kobold hits you with a +0 dagger.
You hit the kobold.
You kill the kobold!
Trog accepts your kill.
Your Dodging skill increases to level 2!
You have reached level 2!
Your demonic ancestry asserts itself...
Sharp spines emerge from parts of your body.
You start putting on your amulet.
You continue putting on your glowing filigree amulet. x5
You finish putting on your uncursed amulet of the acrobat.
You feel ready to tumble and roll out of harm's way.
e - an amulet of the acrobat (around neck) Are you sure you want to abandon this character and quit the game? (Confirm with "yes".)

······▒ ······▒
··$▒ ······· ··>
······▒ ···
······▒ ·· ▒▒▒▒▒▒▒
▒▒▒·▒ ▒···▒ ▒)··▒
▒▒▒▒▒▒▒▒▒▒▒ ▒@▒
··········▒▒ ▒▒)▒
▒▒▒▒▒▒▒▒▒··▒▒▒▒··▒
▒▒·····(·▒ ▒▒▒▒
▒▒▒▒▒·▒·▒ ····
▒··▒▒▒ ▒▒▒· ▒·▒▒
▒· ▒·


There were no monsters in sight!

Vanquished Creatures
  2 kobolds (D:1)
  5 bats (D:1)
  A goblin (D:1)
  A rat (D:1)
9 creatures vanquished.

Notes
Turn   | Place    | Note
-------+----------+-------------------------------------------
     0 | D:1      | Azzok the Demonspawn Berserker began the quest for the Orb.
     0 | D:1      | Reached XP level 1. HP: 18/18 MP: 1/1
   326 | D:1      | Gained mutation: You are partially covered in sharp spines.
                  | [demonic ancestry]
   326 | D:1      | Reached XP level 2. HP: 22/24 MP: 2/2
   331 | D:1      | Quit the game

Illustrated notes

Levels and vault maps discovered:
D:1:      co_arrival_square_in_a_square_in_a_square, layout_rooms,
          minmay_cut_off

Skill      XL: |  1 |
---------------+----+-----
Armour         | 2 |  2.0
Dodging        | 2 |  2.0
Fighting       | |  3.1
Axes           | |  2.8

Action                   || total
-------------------------++-------
Melee: Hand axe          ||    21
 Stab: Sleeping          ||     1
Armor: Animal skin       ||     8
       Ring mail         ||     6
Dodge: Dodged            ||    25

Table legend: (Time is in decaauts)
 A = Elapsed time spent in this place.
 B = Non-inter-level travel time spent in this place.
 C = Inter-level travel time spent in this place.
 D = Time resting spent in this place.
 E = Time spent auto-exploring this place.
 F = Levels seen in this place.
 G = Mean time per level.
                   A        B        C        D        E       F      G
               +--------+--------+--------+--------+--------+-----+--------+
         Total |    334 |    334 |      0 |      0 |    240 |   1 |  334.0 |
       Dungeon |    334 |    334 |      0 |      0 |    240 |   1 |  334.0 |
               +--------+--------+--------+--------+--------+-----+--------+

Top non-repeatable levels by time:
     D:1: 334 daAuts
